[Event "Team 45 45 League T29"]
[Site "Internet Chess Club"]
[Date "2006.01.07"]
[Round "3"]
[White "jacknor"]
[Black "clarinetref"]
[Result "1/2-1/2"]
[WhiteElo "1592"]
[BlackElo "1498"]
[TimeControl "2700+45"]

1. d4 Nf6 2. Nf3 g6 3. Bf4 Bg7 4. e3 d6 5. h3 Bf5 6. Nbd2 O-O 7. c3 Nbd7 8. Nh4
Be6 9. e4 c6 10. Bd3 h6 11. Nhf3 b5 12. Qe2 Nb6 13. b3 Qc8 14. O-O a6 15. Rac1
Qb7 16. e5 dxe5 17. Nxe5 Kh7 18. Ndf3 Nbd5 19. Bd2 Nh5 20. Be4 Ndf4 21. Bxf4
Nxf4 22. Qc2 Bd5 23. c4 Bxe4 24. Qxe4 Bxe5 25. Nxe5 Ne6 26. Qxc6 Qxc6 27. Nxc6
Rfe8 28. c5 Rac8 29. d5 Nf4 30. Rc2 Nxd5 31. Na5 Nb4 32. Rfc1 Nxc2 33. Rxc2 e5
34. c6 Re7 35. Re2 f6 36. f4 e4 37. Rc2 e3 38. Kf1 Re4 39. g3 g5 40. f5 Re5 41.
g4 b4 42. Nb7 e2+ 43. Ke1 Re7 44. Na5 Re5 45. Nb7 Re7 46. Na5 Re5 {Game drawn by
mutual agreement} 1/2-1/2  aics%

[Event "Team 45 45 League T29"]
[Site "Internet Chess Club"]
[Date "2006.01.08"]
[Round "3"]
[White "Just-Jim"]
[Black "EyeAm"]
[Result "1-0"]
[WhiteElo "1501"]
[BlackElo "1335"]
[TimeControl "2700+45"]

1. Nc3 e5 2. d4 d6 3. dxe5 dxe5 4. Qxd8+ Kxd8 5. Bg5+ f6 6. O-O-O+ Bd6 7. Bh4
Ke7 8. a3 g5 9. Bg3 Bf5 10. h3 h5 11. e3 a6 12. Bc4 c6 13. Nge2 b5 14. Bb3 a5
15. f4 Na6 16. fxe5 fxe5 17. Rhf1 Nh6 18. e4 Be6 19. Bxe6 Kxe6 20. Rd2 b4 21.
axb4 Bxb4 22. Kb1 Nc5 23. Rdd1 Bxc3 24. Nxc3 g4 25. Rf2 Rhf8 26. Rdf1 Nd7 27.
Ka2 Rxf2 28. Rxf2 gxh3 29. gxh3 Nf7 30. Bh4 Nd6 31. Rg2 Nc5 32. Rg6+ Kd7 33.
Rg7+ Kc8 34. Re7 Ndxe4 35. Nxe4 Nxe4 36. Rxe5 Nf2 37. Bxf2 {Black resigns} 1-0 
aics%  ELTODOPODEROSO(71): necesito 4 jugadores o mas aics%

[Event "Team 45 45 League T29"]
[Site "Internet Chess Club"]
[Date "2006.01.06"]
[Round "3"]
[White "syy89"]
[Black "onslaught"]
[Result "1-0"]
[WhiteElo "2109"]
[BlackElo "2180"]
[TimeControl "2700+45"]

1. e4 e5 2. Nf3 Nc6 3. Bb5 a6 4. Ba4 Nf6 5. O-O Be7 6. Re1 b5 7. Bb3 O-O 8. a4
Bb7 9. d3 d6 10. Nbd2 Nd7 11. c3 Nc5 12. axb5 Nxb3 13. bxc6 Bxc6 14. Nxb3 f5 15.
Na5 Bd7 16. Qb3+ Kh8 17. Qd5 {Black resigns} 1-0  aics%

[Event "Team 45 45 League T29"]
[Site "Internet Chess Club"]
[Date "2006.01.07"]
[Round "3"]
[White "fledermaus"]
[Black "elnik"]
[Result "0-1"]
[WhiteElo "2027"]
[BlackElo "1990"]
[TimeControl "2700+45"]

1. d4 Nf6 2. c4 g6 3. Nc3 Bg7 4. e4 d6 5. Nf3 O-O 6. Be2 e5 7. O-O Nc6 8. d5 Ne7
9. b4 a5 10. Ba3 axb4 11. Bxb4 Nh5 12. Re1 Nf4 13. Bf1 f5 14. g3 fxe4 15. Ng5
Nd3 16. Bxd3 exd3 17. Qxd3 Nf5 18. Nce4 Nd4 19. Re3 b6 20. a4 Rf5 21. Nf3 Qf8
22. Kg2 Nxf3 23. Rxf3 Rxf3 24. Qxf3 Bh3+ {White resigns} 0-1  aics%

[Event "Team 45 45 League T29"]
[Site "Internet Chess Club"]
[Date "2006.01.07"]
[Round "3"]
[White "azbycx"]
[Black "Chief-Justice"]
[Result "0-1"]
[WhiteElo "1830"]
[BlackElo "1840"]
[TimeControl "2700+45"]

1. d4 d5 2. c4 e6 3. Nc3 Nf6 4. Nf3 Be7 5. e3 O-O 6. Bd3 b6 7. O-O Bb7 8. b3
Nbd7 9. Bb2 c6 10. Qe2 c5 11. Rac1 Re8 12. Rfd1 Qb8 13. Qc2 h6 14. Qe2 Bf8 15.
e4 cxd4 16. Nxd4 Nc5 17. e5 Nfe4 18. f4 Nxd3 19. Qxd3 Nxc3 20. Bxc3 Qd8 21. Qg3
Bc5 22. Kh1 Qe7 23. Bb2 Rac8 24. cxd5 Bxd5 25. h3 Red8 26. Nf3 Qb7 27. Nh4 Be7
28. Nf3 Rxc1 29. Bxc1 Bxf3 30. Rxd8+ Bxd8 31. gxf3 Bh4 32. Qg2 Qd5 33. Qe2 Be7
34. Kg2 Bc5 35. Be3 Bxe3 36. Qxe3 Qd1 37. Kg3 Qb1 38. a4 Kh7 39. Qe4+ Qxe4 40.
fxe4 Kg6 41. Kg4 a5 42. f5+ Kh7 43. h4 g6 44. Kf4 Kg8 45. Kg4 Kf8 46. Kf4 Ke7
47. Kg4 Kd7 48. Kf4 Kc6 49. Ke3 Kc5 50. Kd3 Kb4 51. Kc2 g5 {White resigns} 0-1 
aics%

[Event "Team 45 45 League T29"]
[Site "Internet Chess Club"]
[Date "2006.01.09"]
[Round "3"]
[White "Thorin"]
[Black "deathmage"]
[Result "1/2-1/2"]
[WhiteElo "1812"]
[BlackElo "1721"]
[TimeControl "2700+45"]

1. d4 Nf6 2. c4 e6 3. Nc3 Bb4 4. Qc2 d5 5. a3 Bxc3+ 6. Qxc3 Ne4 7. Qc2 b6 8. Nf3
Bb7 9. e3 O-O 10. Bd3 Nd7 11. cxd5 exd5 12. O-O f5 13. Nd2 Rc8 14. f3 Nxd2 15.
Bxd2 g6 16. b4 Nf6 17. Rac1 c6 18. Qb3 Kg7 19. Qc2 Re8 20. Rfe1 Qd7 21. Kh1 Re7
22. e4 fxe4 23. fxe4 dxe4 24. Bxe4 Nxe4 25. Rxe4 Rxe4 26. Qxe4 Re8 27. Qh4 Kg8
28. Bh6 Qe7 29. Bg5 Qe4 30. Rd1 Qxh4 31. Bxh4 Re2 32. Kg1 Kf7 33. Kf1 Ba6 34.
Kg1 Bc4 35. Rf1+ Ke8 36. g4 Bd5 37. Re1 Rxe1+ 38. Bxe1 a5 39. bxa5 bxa5 40. Bxa5
h5 41. gxh5 gxh5 42. h4 Kd7 43. Kf2 Kc8 {Game drawn by mutual agreement} 1/2-1/2
 aics%

[Event "Team 45 45 League T29"]
[Site "Internet Chess Club"]
[Date "2006.01.08"]
[Round "3"]
[White "Sir-Knightly"]
[Black "Gregorio"]
[Result "1-0"]
[WhiteElo "2152"]
[BlackElo "1984"]
[TimeControl "2700+45"]

1. d4 Nf6 2. c4 g6 3. Nc3 d5 4. Nf3 Bg7 5. Bf4 e6 6. cxd5 Nxd5 7. Nxd5 exd5 8.
e3 O-O 9. Qc2 c6 10. Bd3 Qa5+ 11. Nd2 Re8 12. O-O Nd7 13. a3 Nf8 14. b4 Qd8 15.
Rab1 Ne6 16. Bg3 a6 17. Nb3 Bd7 18. a4 Bf8 19. Nc5 Qc8 20. Rfc1 Bxc5 21. bxc5
Nd8 22. Rb3 Kg7 23. Be5+ f6 24. Bd6 Nf7 25. Bf4 Re7 26. Rcb1 Nd8 27. a5 Bf5 28.
Bxf5 Qxf5 29. Qxf5 gxf5 30. f3 Kf7 31. Kf2 Ke6 32. Re1 Rd7 33. h3 h5 34. e4 dxe4
35. fxe4 Rxd4 36. exf5+ Kxf5 37. Bd6 Rd2+ 38. Kf1 Nf7 39. Rf3+ Kg6 40. Be7 Rd5
41. Rxf6+ Kg7 42. Rf3 Nh6 43. Rb3 Rd7 44. Bd6 Nf5 45. Be5+ Kg6 46. g4 hxg4 47.
hxg4 Nh6 48. Bd6 Nf7 49. Be7 Rg8 50. Re6+ Kg7 51. g5 Nd8 52. Bf6+ Kf7 53. Re2
Ne6 54. Rf3 Ng7 55. g6+ Kxg6 56. Rg2+ Kh6 57. Bxg7+ {Black resigns} 1-0  aics%

[Event "Team 45 45 League T29"]
[Site "Internet Chess Club"]
[Date "2006.01.05"]
[Round "3"]
[White "baumhauer"]
[Black "Bort"]
[Result "0-1"]
[WhiteElo "1852"]
[BlackElo "1963"]
[TimeControl "2700+45"]

1. d4 e6 2. c4 b6 3. e4 Bb7 4. f3 f5 5. exf5 Nh6 6. fxe6 Nf5 7. exd7+ Nxd7 8.
Qe2+ Kf7 9. d5 Bb4+ 10. Kd1 Re8 11. Qd3 Re1+ 12. Kc2 Qf6 13. Ne2 Nc5 14. Bd2
Nxd3 15. Kxd3 Qxb2 16. Bxe1 Bxe1 {White resigns} 0-1  aics%

[Event "Team 45 45 League T29"]
[Site "Internet Chess Club"]
[Date "2006.01.14"]
[Round "3"]
[White "trivialpursuit"]
[Black "room-matt"]
[Result "1/2-1/2"]
[WhiteElo "1943"]
[BlackElo "1873"]
[TimeControl "2700+45"]

1. e4 e5 2. Nf3 Nc6 3. Bc4 Nf6 4. d3 Bc5 5. O-O h6 6. c3 d6 7. b4 Bb6 8. a4 a5
9. Qb3 O-O 10. h3 axb4 11. cxb4 Nd4 12. Qd1 Nxf3+ 13. Qxf3 Bd4 14. Ra2 c6 15. b5
d5 16. exd5 cxd5 17. Bb3 Re8 18. Bb2 Bxb2 19. Rxb2 b6 20. Nc3 Bb7 21. Qe2 Rc8
22. Nd1 d4 23. Rc2 Qd6 24. Rxc8 Rxc8 25. Nb2 Rc3 26. Bc4 Nd5 27. Re1 f6 28. f4
exf4 29. Qe8+ Kh7 30. Qe4+ Kg8 31. Qxd4 Kh8 32. Re8+ Kh7 33. Qe4+ g6 34. Qe1
Qc5+ 35. Kh2 Ne3 36. Qxc3 Nf1+ 37. Kh1 Ng3+ 38. Kh2 Nf1+ 39. Kh1 Ng3+ 40. Kh2
Nf1+ 41. Kh1 Ng3+ 42. Kh2 Nf1+ 43. Kh1 {Game drawn by repetition} 1/2-1/2  aics%

[Event "Team 45 45 League T29"]
[Site "Internet Chess Club"]
[Date "2006.01.12"]
[Round "3"]
[White "six-killer"]
[Black "JudokaUsa"]
[Result "0-1"]
[WhiteElo "1764"]
[BlackElo "1888"]
[TimeControl "2700+45"]

1. e4 c5 2. Nf3 e6 3. d4 cxd4 4. Nxd4 a6 5. Bd3 Nc6 6. Nb3 Nf6 7. O-O d5 8. exd5
Nxd5 9. a3 Be7 10. c4 Nf6 11. Qe2 Qc7 12. Nc3 O-O 13. Nd2 Ne5 14. Nf3 Nxd3 15.
Qxd3 Rd8 16. Qe2 Bd7 17. h3 Bc6 18. Bg5 Rac8 19. Rac1 Bd6 20. Bxf6 gxf6 21. Ne4
Be7 22. b4 Qf4 23. Nfd2 f5 24. Rfe1 fxe4 25. Nxe4 Bxe4 26. Qxe4 Qxe4 27. Rxe4
Rd3 28. Re3 Rcd8 29. Kf1 Rxe3 30. fxe3 Rd3 31. c5 Rxa3 32. c6 bxc6 33. Rxc6 Bxb4
{White resigns} 0-1  aics%

[Event "Team 45 45 League T29"]
[Site "Internet Chess Club"]
[Date "2006.01.06"]
[Round "3"]
[White "DavidBarnsley"]
[Black "DTK"]
[Result "0-1"]
[WhiteElo "1977"]
[BlackElo "2137"]
[TimeControl "2700+45"]

1. e4 e6 2. d4 d5 3. Nc3 Nf6 4. Bg5 Bb4 5. e5 h6 6. Be3 Ne4 7. Qg4 Kf8 8. a3
Bxc3+ 9. bxc3 Nxc3 10. Bd3 Nc6 11. Nf3 f5 12. exf6 Qxf6 13. Qh5 Ne4 14. Nh4 Ne7
15. f3 Nd6 16. O-O Bd7 17. Ng6+ Nxg6 18. Bxg6 Be8 19. Bxe8 Rxe8 20. c3 Nc4 21.
Bf2 g6 22. Qh3 Kg7 23. Rab1 b6 24. Rb4 Qf5 25. g4 Qd3 26. Qg3 Re7 27. Rxc4 Qxc4
28. Qe5+ Kh7 29. Be3 Rf8 30. f4 Qxc3 31. f5 gxf5 32. gxf5 Rg7+ 33. Kh1 Rxf5
{White resigns} 0-1  aics%

[Event "Team 45 45 League T29"]
[Site "Internet Chess Club"]
[Date "2006.01.07"]
[Round "3"]
[White "tourettes"]
[Black "buzzard"]
[Result "1-0"]
[WhiteElo "1841"]
[BlackElo "1699"]
[TimeControl "2700+45"]

1. e4 c5 2. Nc3 a6 3. g3 Nc6 4. Bg2 b5 5. Nge2 Bb7 6. O-O h5 7. h3 g5 8. d4 e6
9. d5 Ne5 10. dxe6 fxe6 11. f4 Nf7 12. fxg5 Nxg5 13. Nf4 b4 14. Ng6 Be7 15. Nxh8
Nf6 16. Bxg5 {Black resigns} 1-0  aics%

[Event "Team 45 45 League T29"]
[Site "Internet Chess Club"]
[Date "2006.01.10"]
[Round "3"]
[White "Chessnut"]
[Black "kingfischer57"]
[Result "1-0"]
[WhiteElo "1767"]
[BlackElo "1784"]
[TimeControl "2700+45"]

1. e4 e6 2. d4 d5 3. Nc3 Bb4 4. e5 c5 5. Bd2 cxd4 6. Nb5 Bf8 7. Nxd4 Nc6 8. Ngf3
Qb6 9. Bc1 Nge7 10. Bd3 Bd7 11. Nxc6 Nxc6 12. O-O Be7 13. c3 h6 14. Qb3 Qxb3 15.
axb3 O-O 16. Be3 b6 17. b4 Bd8 18. Rfe1 Bc7 19. Bd2 a5 20. bxa5 Rxa5 21. Rxa5
Nxa5 22. Ra1 Bc6 23. Be3 Ra8 24. Nd4 Bb7 25. f4 Nc4 26. Rxa8+ Bxa8 27. Bc1 Bd8
28. g3 Bb7 29. Bc2 Be7 30. Ba4 Na5 31. b4 Nc4 32. Bb5 g6 33. Kf2 Kg7 34. Ke2 h5
35. Kd3 Kf8 36. Bxc4 dxc4+ 37. Kxc4 Ba6+ 38. Kb3 Bb7 39. Ka4 Ba6 40. Nc6 Ke8 41.
Nxe7 Kxe7 42. b5 Bb7 43. Be3 Kd7 44. Bxb6 Bd5 45. Kb4 Kc8 46. c4 Bf3 47. c5 Kb7
48. Bd8 Kc8 49. Be7 Kb7 50. Ka5 Be4 51. Bd6 Bd5 52. Kb4 Be4 53. Be7 Bd5 54. c6+
Bxc6 55. bxc6+ Kxc6 56. Kc4 Kd7 57. Bf6 Kc6 58. Bg5 Kd7 59. Kc5 Kc7 60. Bf6 Kd7
61. Kb6 Kc8 62. Kc6 {Black resigns} 1-0  aics%

[Event "Team 45 45 League T29"]
[Site "Internet Chess Club"]
[Date "2006.01.05"]
[Round "3"]
[White "sophia101"]
[Black "MrShaw"]
[Result "0-1"]
[WhiteElo "1727"]
[BlackElo "1743"]
[TimeControl "2700+45"]

1. e4 e6 2. d4 d5 3. Nd2 Nf6 4. e5 Nfd7 5. Bd3 c5 6. c3 Nc6 7. Ne2 cxd4 8. cxd4
Nb4 9. Nb3 Nxd3+ 10. Qxd3 Be7 11. Qg3 Kf8 12. Nf4 Kg8 13. Nh5 Bb4+ 14. Nd2 g6
15. O-O h6 16. Nf3 Kh7 17. Nf4 Be7 18. Qh3 Kg7 19. Be3 b6 20. Rac1 Ba6 21. Rfe1
Bb4 22. Red1 Nf8 23. Rc2 Rc8 24. Rdc1 Rxc2 25. Rxc2 Nd7 26. Rc6 Bb5 27. Rxe6 Nc5
28. Rd6 Qc7 29. dxc5 Bxc5 30. Rxg6+ Kf8 31. Nxd5 Qd8 32. Bxh6+ Ke8 33. Rf6 Qxd5
34. g3 Qd1+ 35. Kg2 Qf1# {White checkmated} 0-1  aics%

[Event "Team 45 45 League T29"]
[Site "Internet Chess Club"]
[Date "2006.01.07"]
[Round "3"]
[White "nightly"]
[Black "Gandalf"]
[Result "1-0"]
[WhiteElo "1865"]
[BlackElo "1887"]
[TimeControl "2700+45"]

1. d4 d5 2. Nf3 Nf6 3. e3 Bg4 4. c4 c6 5. cxd5 cxd5 6. Qa4+ Nc6 7. Bb5 Bd7 8.
Nc3 a6 9. Bd3 e6 10. Qb3 b5 11. O-O Bd6 12. Re1 O-O 13. e4 Nb4 14. Bb1 dxe4 15.
Nxe4 Nxe4 16. Bxe4 Rc8 17. a3 Nc6 18. d5 Na5 19. Qd1 f5 20. Bb1 Re8 21. Bg5 Qc7
22. dxe6 Bxe6 23. Nd4 Bxh2+ 24. Kh1 Bf7 25. Nxf5 Rxe1+ 26. Qxe1 Re8 27. Qb4 Nb3
28. Ra2 a5 29. Qc3 Qxc3 30. bxc3 Be5 31. Rc2 Bg6 32. g4 Bxc3 33. Ba2 Re1+ 34.
Kg2 Bxf5 35. gxf5 b4 36. Bxb3+ Kf8 37. axb4 axb4 38. Ra2 Ke8 39. Be6 Bf6 40. Be3
Rb1 41. Ra8+ Bd8 42. Bg5 Rd1 43. Rb8 h6 44. Bxd8 Rxd8 45. Rxb4 Ke7 46. Rb7+
{Black resigns} 1-0  aics%

[Event "Team 45 45 League T29"]
[Site "Internet Chess Club"]
[Date "2006.01.09"]
[Round "3"]
[White "six-killer"]
[Black "Rlopez"]
[Result "0-1"]
[WhiteElo "1776"]
[BlackElo "1795"]
[TimeControl "2700+45"]

1. e4 c5 2. Nf3 Nc6 3. Bb5 e6 4. Bxc6 bxc6 5. O-O d5 6. d3 Nf6 7. e5 Ng8 8. b3
Ne7 9. d4 cxd4 10. Qxd4 Nf5 11. Qg4 Be7 12. Nc3 Rb8 13. a3 Bb7 14. Ne2 c5 15.
Ng3 g6 16. Nxf5 gxf5 17. Qg7 Kd7 18. Bg5 Qf8 19. Qh6 Qxh6 20. Bxh6 Rhg8 21. h4
Rg6 22. Bg5 h6 23. Bxe7 Kxe7 24. Kh2 Rbg8 25. Rg1 Rg4 26. Rae1 d4 27. Ref1 Bxf3
28. gxf3 Rxh4# {White checkmated} 0-1  aics%

[Event "Team 45 45 League T29"]
[Site "Internet Chess Club"]
[Date "2006.01.05"]
[Round "3"]
[White "Rainbird"]
[Black "David-Carioca"]
[Result "1/2-1/2"]
[WhiteElo "1603"]
[BlackElo "1644"]
[TimeControl "2700+45"]

1. d4 Nf6 2. c4 e6 3. Nc3 Bb4 4. e3 c5 5. Ne2 Ne4 6. Qc2 d5 7. a3 Qa5 8. Rb1
Bxc3+ 9. Nxc3 Nxc3 10. Qxc3 Qc7 11. cxd5 exd5 12. Qxc5 Qxc5 13. dxc5 Nc6 14. Bb5
O-O 15. O-O Na5 16. Rd1 Be6 17. b4 Nc4 18. Bxc4 dxc4 19. Bb2 Rfd8 20. Kf1 Rd3
21. Bd4 Rxa3 22. Ra1 Rb3 23. Rab1 h6 24. Ke1 a5 25. bxa5 Rxa5 26. Rxb3 cxb3 27.
Ra1 Rb5 28. Rb1 Bf5 29. Rb2 {Game drawn by mutual agreement} 1/2-1/2  aics%

[Event "Team 45 45 League T29"]
[Site "Internet Chess Club"]
[Date "2006.01.05"]
[Round "3"]
[White "bobhill"]
[Black "trevor21"]
[Result "0-1"]
[WhiteElo "2101"]
[BlackElo "2122"]
[TimeControl "2700+45"]

1. d4 e6 2. Nf3 d5 3. Bg5 Nf6 4. e3 Nbd7 5. Bd3 c6 6. Nbd2 Be7 7. O-O O-O 8. c4
Re8 9. Ne5 Nxe5 10. dxe5 Nd7 11. Bxe7 Qxe7 12. f4 Qc5 13. Rf3 f6 14. Rg3 f5 15.
Qh5 Qe7 16. Nf3 Nf8 17. Nd4 Bd7 18. Rf1 Rac8 19. Rg5 Kh8 20. g4 g6 21. Qh3 a6
22. gxf5 exf5 23. Qg2 Ne6 24. Nxe6 Bxe6 25. cxd5 Bxd5 26. Qh3 Rg8 27. a3 Rcd8
28. Qg3 Qc5 29. Bb1 a5 30. h4 h6 31. Kf2 hxg5 32. hxg5 Kg7 33. Rd1 Bb3 34. Rh1
Rd2+ 35. Kf3 Bd1+ 36. Rxd1 Rxd1 37. Ba2 Rh8 38. Qf2 Qc1 39. Qe2 Rd2 40. Qc4 Rh3#
{White checkmated} 0-1  aics%

[Event "Team 45 45 League T29"]
[Site "Internet Chess Club"]
[Date "2006.01.08"]
[Round "3"]
[White "adingod"]
[Black "Beetlejuice"]
[Result "1-0"]
[WhiteElo "2035"]
[BlackElo "1789"]
[TimeControl "2700+45"]

1. d4 Nf6 2. Nf3 g6 3. Bg5 Bg7 4. Nbd2 d5 5. e3 O-O 6. Bd3 c5 7. c3 Nbd7 8. O-O
b6 9. Qe2 Bb7 10. Rfe1 Re8 11. e4 dxe4 12. Nxe4 cxd4 13. cxd4 Nxe4 14. Bxe4 Bxe4
15. Qxe4 Nf6 16. Qd3 Qd6 17. Rad1 Nd5 18. Qb3 e6 19. Bh4 Rac8 20. a3 Bh6 21. Ng5
Rc6 22. Qf3 Qf4 23. Qxf4 Nxf4 24. d5 Rd6 25. Ne4 Red8 26. Nxd6 Rxd6 27. dxe6
Rxe6 28. Rd8+ Kg7 29. Rxe6 Nxe6 30. Rd7 Bc1 31. Rxa7 Bxb2 32. Be7 g5 33. g3 Kg6
34. Rb7 Bd4 35. Rd7 h5 36. Kg2 Kf5 37. f3 g4 38. a4 Kg6 39. Bd8 Bc5 40. Rd5 Be3
41. h4 Kh6 42. fxg4 hxg4 43. Bg5+ Nxg5 44. hxg5+ Kg6 45. Kf1 f5 46. gxf6 Kxf6
47. Ke2 Bg1 48. Rb5 Kg6 49. Kd3 Kf6 50. Ke4 Kg6 51. Kf4 Kf6 52. Kxg4 Be3 53. Kf3
Bd4 54. Ke4 Bf2 55. g4 Kg6 56. Rf5 Bg1 57. Kd5 Be3 58. Kc6 Bg1 59. Rb5 {Black
resigns} 1-0  aics%

[Event "Team 45 45 League T29"]
[Site "Internet Chess Club"]
[Date "2006.01.11"]
[Round "3"]
[White "Boromir"]
[Black "Div-anand"]
[Result "1/2-1/2"]
[WhiteElo "1879"]
[BlackElo "1919"]
[TimeControl "2700+45"]

1. e4 e5 2. Nf3 Nc6 3. d4 exd4 4. Nxd4 d6 5. Nc3 Nf6 6. Bb5 Bd7 7. O-O Nxd4 8.
Bxd7+ Qxd7 9. Qxd4 Be7 10. Be3 O-O 11. f3 a6 12. Rad1 Rad8 13. Nd5 Nxd5 14. exd5
Bf6 15. Qd3 Rfe8 16. Bf2 Re7 17. b3 Rde8 18. Rde1 h6 19. Qd2 Qf5 20. Rxe7 Rxe7
21. Re1 Rxe1+ 22. Bxe1 Qe5 23. Qd1 h5 24. Bg3 Qf5 25. Bf2 h4 26. h3 Qf4 27. Qe1
Be5 28. Qe3 Qf5 29. Qd2 Bf4 30. Qd1 Be5 31. Qd2 Bf4 32. Qd1 g5 33. Kf1 Qe5 34.
Qd4 Qf5 35. Qd1 Be5 36. Qd2 Bf4 37. Qd1 {Game drawn by repetition} 1/2-1/2 
aics%

[Event "Team 45 45 League T29"]
[Site "Internet Chess Club"]
[Date "2006.01.09"]
[Round "3"]
[White "DeLaSalle"]
[Black "houthakker"]
[Result "1/2-1/2"]
[WhiteElo "1966"]
[BlackElo "1793"]
[TimeControl "2700+45"]

1. f4 Nf6 2. b3 g6 3. Bb2 Bg7 4. Nf3 d6 5. e3 O-O 6. Be2 Nbd7 7. O-O Re8 8. c4
e5 9. fxe5 Nxe5 10. Nc3 Bf5 11. Nd4 Bd3 12. Rc1 c6 13. Nf3 Rc8 14. Qe1 Bxe2 15.
Qxe2 Nfd7 16. d4 Ng4 17. Nd1 Bh6 18. Rc3 f5 19. h3 Nxe3 20. Nxe3 f4 21. Bc1 fxe3
22. Bxe3 Qa5 23. Qd2 Bxe3+ 24. Rxe3 Qxd2 25. Rxe8+ Rxe8 26. Nxd2 Re2 27. Rf2
Re1+ 28. Rf1 Re2 29. Rf2 Re1+ {Game drawn by mutual agreement} 1/2-1/2  aics%

[Event "Team 45 45 League T29"]
[Site "Internet Chess Club"]
[Date "2006.01.08"]
[Round "3"]
[White "Sergio56"]
[Black "Zornorph"]
[Result "0-1"]
[WhiteElo "1888"]
[BlackElo "1952"]
[TimeControl "2700+45"]

1. e4 c6 2. d4 d5 3. exd5 cxd5 4. c4 Nf6 5. Nc3 e6 6. Nf3 Nc6 7. a3 Be7 8. cxd5
Nxd5 9. Bd3 O-O 10. O-O Nxc3 11. bxc3 b6 12. Re1 Bb7 13. Bc2 Bf6 14. Qd3 g6 15.
Bh6 Re8 16. Rad1 Rc8 17. Qe3 Ne7 18. Ba4 Nd5 19. Qd2 Re7 20. Rc1 Rec7 21. Bb3
Nxc3 22. Ng5 {White resigns} 0-1  aics%

[Event "Team 45 45 League T29"]
[Site "Internet Chess Club"]
[Date "2006.01.05"]
[Round "3"]
[White "ReelBigFish"]
[Black "Egmont"]
[Result "1-0"]
[WhiteElo "1749"]
[BlackElo "1690"]
[TimeControl "2700+45"]

1. e4 c5 2. Nf3 Nc6 3. Bc4 g6 4. d4 cxd4 5. c3 dxc3 6. Nxc3 Bg7 7. e5 Nxe5 8.
Nxe5 Bxe5 9. Bxf7+ Kxf7 10. Qd5+ e6 11. Qxe5 Qf6 12. Bf4 Ne7 13. Nb5 Nc6 14.
Qxf6+ Kxf6 15. Nc7 Nd4 16. Nxa8 Nc2+ 17. Kd2 Nxa1 18. Rxa1 g5 19. Be3 d5 20. Nc7
{Black resigns} 1-0  aics%

[Event "Team 45 45 League T29"]
[Site "Internet Chess Club"]
[Date "2006.01.08"]
[Round "3"]
[White "parrot9"]
[Black "Avedldesierto"]
[Result "0-1"]
[WhiteElo "1683"]
[BlackElo "1778"]
[TimeControl "2700+45"]

1. e4 e5 2. Nf3 Nc6 3. Bb5 a6 4. Ba4 b5 5. Bb3 d6 6. O-O Bg4 7. c3 Qf6 8. d3
Bxf3 9. Qxf3 Qxf3 10. gxf3 h6 11. f4 exf4 12. Bxf4 g5 13. Be3 Ne5 14. Bc2 Nf3+
15. Kg2 Nh4+ 16. Kg1 f5 17. Bd4 Rh7 18. f4 c5 19. Be3 O-O-O 20. Nd2 gxf4 21.
Rxf4 Rg7+ 22. Kh1 Ng2 23. Rf3 Nxe3 24. Rxe3 Ne7 25. a4 f4 26. Rf3 Rf7 27. Bb3 d5
28. axb5 axb5 29. Ra8+ Kc7 30. Rxd8 Kxd8 31. exd5 Ng6 32. Ne4 Ne5 33. Rh3 f3 34.
d6 f2 35. Nxf2 Rxf2 36. d4 c4 37. dxe5 cxb3 38. Rh4 Rxb2 39. Rb4 Re2 40. Rxb3
Rxe5 41. c4 Bxd6 42. cxb5 Re1+ 43. Kg2 Re2+ 44. Kh3 Rxh2+ 45. Kg4 h5+ 46. Kf5
Re2 47. Kg5 Re5+ 48. Kh4 Be7+ 49. Kh3 h4 50. b6 Kc8 51. Rc3+ Kb7 52. Rb3 Re6 53.
Kg4 Rh6 54. Rb5 h3 55. Rb2 h2 {White resigns} 0-1  aics%

[Event "Team 45 45 League T29"]
[Site "Internet Chess Club"]
[Date "2006.01.14"]
[Round "3"]
[White "MoluscoGrotesco"]
[Black "Mikey29a"]
[Result "0-1"]
[WhiteElo "1666"]
[BlackElo "1647"]
[TimeControl "2700+45"]

1. f4 d5 2. Nf3 Nf6 3. e3 g6 4. Be2 Bg7 5. c3 O-O 6. O-O Nc6 7. Na3 Nd7 8. Nc2
e5 9. fxe5 Ndxe5 10. a4 f5 11. b4 Nxf3+ 12. Bxf3 Ne5 13. b5 g5 14. Nb4 Be6 15.
Ba3 g4 16. Be2 Rf7 17. Nc2 h5 18. Nd4 Qd7 19. Qc2 Bf8 20. Bxf8 Raxf8 21. Rab1 h4
22. a5 g3 23. h3 f4 24. Qg6+ Nxg6 {White resigns} 0-1  aics%

[Event "Team 45 45 League T29"]
[Site "Internet Chess Club"]
[Date "2006.01.08"]
[Round "3"]
[White "CraigCKlein"]
[Black "catspawn"]
[Result "1-0"]
[WhiteElo "1792"]
[BlackElo "1611"]
[TimeControl "2700+45"]

1. d4 Nf6 2. c4 e6 3. Nc3 Bb4 4. Qc2 d5 5. e3 O-O 6. Nf3 c5 7. a3 Bxc3+ 8. bxc3
Nc6 9. Bd3 Qa5 10. O-O Bd7 11. Bd2 Ne4 12. Bxe4 dxe4 13. Qxe4 f6 14. Rfb1 b6 15.
Rb5 Qa4 16. dxc5 Ne5 17. Rb4 Qc6 18. Qxc6 Bxc6 19. Nxe5 fxe5 20. cxb6 Rad8 21.
Ra2 axb6 22. Rxb6 Rc8 23. f3 Rfd8 24. e4 Ba4 25. Rb4 Ra8 26. Kf2 Rd3 27. Ke2 Rd7
28. c5 Bc6 29. Rb6 Rc7 30. c4 Ba4 31. Bb4 Bb3 32. Rd2 Bxc4+ 33. Ke3 Rac8 34.
Rdd6 g6 35. Rxe6 Bxe6 36. Rxe6 Rxc5 37. Bxc5 Rxc5 38. Ra6 Rc2 39. g4 Rc3+ 40.
Kf2 Kf7 41. h4 Rc2+ 42. Kg3 Rc7 43. a4 h6 44. h5 gxh5 45. Rxh6 h4+ 46. Kxh4 Rc2
47. Ra6 Ke7 48. g5 Rg2 49. a5 Kf7 50. Ra7+ Kg6 51. a6 Rh2+ 52. Kg3 Rh1 53. Kg2
Ra1 54. Ra8 Ra4 55. a7 Kxg5 56. Rg8+ Kf6 57. a8=Q {Black resigns} 1-0  aics%

[Event "Team 45 45 League T29"]
[Site "Internet Chess Club"]
[Date "2006.01.07"]
[Round "3"]
[White "dougmo"]
[Black "softpawn"]
[Result "1-0"]
[WhiteElo "1520"]
[BlackElo "1417"]
[TimeControl "2700+45"]

1. e4 d5 2. exd5 Nf6 3. d4 Nxd5 4. c4 Nb6 5. Nf3 Bg4 6. c5 Nd5 7. Qb3 Nc6 8.
Qxb7 Ndb4 9. Bb5 Bd7 10. Bxc6 Nxc6 11. Qb3 Rb8 12. Qc3 Bf5 13. O-O e6 14. Bf4
Be7 15. Nbd2 O-O 16. Nc4 Bf6 17. Nce5 Bxe5 18. dxe5 Qd3 19. Rfd1 Qxc3 20. bxc3
Rb5 21. Be3 Rfb8 22. Nd4 Nxd4 23. cxd4 Be4 24. h3 Bd5 25. a3 f6 26. exf6 gxf6
27. g4 Kf7 28. Bf4 R5b7 29. Kf1 Ke7 30. Ke1 Kd7 31. Be3 Bf3 32. Rdc1 Rb2 33. Bd2
Kc6 34. Bc3 Re2+ 35. Kf1 Kd5 36. Rab1 Rxb1 37. Rxb1 Kc4 38. Bb4 Kxd4 39. Rd1+
Ke5 40. Rd7 c6 41. Rxa7 h5 42. gxh5 Re4 43. h6 Rh4 44. h7 Rxh3 45. Ke1 Be4 46.
a4 Bxh7 47. a5 Rh4 48. Bc3+ Kd5 49. Bxf6 Kxc5 50. Bxh4 {Black resigns} 1-0 
aics%

[Event "Team 45 45 League T29"]
[Site "Internet Chess Club"]
[Date "2006.01.08"]
[Round "3"]
[White "Bookkeeper"]
[Black "sdcohle"]
[Result "1-0"]
[WhiteElo "1440"]
[BlackElo "1353"]
[TimeControl "2700+45"]

1. e4 e5 2. Nf3 Nc6 3. Bb5 a6 4. Ba4 Bd6 5. O-O Nf6 6. Re1 O-O 7. c3 b6 8. d4 b5
9. Bb3 Re8 10. Bg5 Na5 11. Bc2 exd4 12. e5 Bxe5 13. Nxe5 d6 14. Nf3 dxc3 15.
Nxc3 Bg4 16. Qd3 Nc4 17. Bxf6 Qxf6 18. Qxh7+ Kf8 19. Qh8# {Black checkmated} 1-0
 aics%

[Event "Team 45 45 League T29"]
[Site "Internet Chess Club"]
[Date "2006.01.06"]
[Round "3"]
[White "jientho"]
[Black "G11825"]
[Result "1-0"]
[WhiteElo "1409"]
[BlackElo "1327"]
[TimeControl "2700+45"]

1. e4 e5 2. Nf3 d6 3. d4 Nf6 4. Nc3 Be7 5. dxe5 dxe5 6. Qxd8+ Bxd8 7. Nxe5 O-O
8. Bf4 Be6 9. Bb5 c6 10. Ba4 Ba5 11. f3 Na6 12. Nd3 Rad8 13. Be3 Rd7 14. Bb3
Bxb3 15. axb3 Re8 16. Rxa5 Red8 17. Bxa7 Nc7 18. Bb6 Re8 19. Bxc7 Rxc7 20. O-O
Rd7 21. Rd1 Red8 22. e5 b6 23. Ra4 b5 24. Ra6 Nh5 25. Rxc6 b4 26. Ne2 g6 27. g4
Ng7 28. Rf1 Rd4 29. Nxd4 Rxd4 30. Rc8+ {Black resigns} 1-0  aics%